 Dungeon Crawl Stone Soup version 0.28.0 (webtiles) character file.

Game seed: 14669750385721689846

711 drclinical the Cleaver (level 7, 0/94 HPs)
             Began as a Hill Orc Berserker on Feb 5, 2022.
             Was a Believer of Trog.
             Slain by an iguana (10 damage)
             ... on level 4 of the Dungeon.
             The game lasted 00:09:43 (4153 turns).

drclinical the Cleaver (Hill Orc Berserker)         Turns: 4153, Time: 00:09:43

Health: 0/94       AC: 10    Str: 22    XL:     7   Next: 68%
Magic:  7/7        EV: 12    Int:  7    God:    Trog [**....]
Gold:   122        SH:  0    Dex: 14    Spells: 6/6 levels left

rFire   . . .      SeeInvis +   a - +0 hand axe
rCold   . . .      Faith    .   (no shield)
rNeg    . . .      Spirit   .   r - +3 leather armour "Qogg" {Str+2 Dex+2 SInv}
rPois   .          Reflect  .   p - +1 helmet
rElec   .          Harm     .   (no cloak)
rCorr   .          Rampage  .   i - +0 pair of gloves
Will    .....                   (no boots)
Stlth   ..........              (no amulet)
HPRegen 0.25/turn               c - ring of flight
MPRegen 0.10/turn               (no ring)

@: berserking, flying, very quick
A: no striking features
a: Renounce Religion, Berserk, Trog's Hand


You were on level 4 of the Dungeon.
You worshipped Trog.
Trog was pleased with you.
You visited 1 branch of the dungeon, and saw 4 of its levels.

You collected 122 gold pieces.

Inventory:

Hand Weapons
 a - a +0 hand axe (weapon)
Missiles
 n - 4 poisoned darts (quivered)
Armour
 b - a +0 animal skin
 i - a +0 pair of gloves (worn)
 k - a +0 helmet
 l - a +0 chain mail
 p - a +1 helmet (worn)
 r - the +3 leather armour "Qogg" (worn) {Str+2 Dex+2 SInv}
   (You found it on level 3 of the Dungeon)

   Str:       It affects your strength (+2).
   Dex:       It affects your dexterity (+2).
   SInv:      It lets you see invisible.
Jewellery
 c - a ring of flight (left hand)
Scrolls
 f - 2 scrolls of torment {unknown}
 m - a scroll of vulnerability {unknown}
 s - a scroll of silence {unknown}
 t - 3 scrolls of immolation {unknown}
 u - a scroll of identify {unknown}
 v - a scroll of fog {unknown}
Potions
 d - a potion of flight {unknown}
 e - a potion of mutation {unknown}
 g - 2 potions of curing {unknown}
 h - a potion of attraction {unknown}
 j - a potion of degeneration {unknown}
 o - a potion of invisibility {unknown}
 q - a potion of lignification {unknown}


   Skills:
 + Level 6.1 Fighting
 + Level 8.7 Axes
 + Level 4.4 Armour
 - Level 2.0 Dodging


You had 6 spell levels left.
You didn't know any spells.
Your spell library was empty.

Dungeon Overview and Level Annotations

Branches:
Dungeon (4/15)
 Temple: D:4-7

Altars:
Kikubaaqudgha
Okawaru


Message History

Beogh smites you!
You barely miss the orc priest.
The orc priest shouts, "Beogh is our master!
Accept the truth or die!"
You punch the orc priest.
You kill the orc priest!
Trog accepts your kill.
You see here a +0 whip.
You hit the iguana.
The iguana is lightly wounded.
The iguana barely misses you.
You barely miss the iguana.
The iguana is lightly wounded.
The iguana barely misses you.
You hit the iguana.
The iguana is moderately wounded.
The iguana closely misses you.
You hit the iguana.
The iguana is moderately wounded.
The iguana bites you but does no damage.
You hit the iguana.
The iguana is heavily wounded.
The iguana bites you!
* * * LOW HITPOINT WARNING * * *
You hit the iguana but do no damage.
The iguana is heavily wounded.
You hit the iguana.
The iguana is severely wounded.
The iguana bites you!
* * * LOW HITPOINT WARNING * * *
You barely miss the iguana.
The iguana is severely wounded.
The iguana bites you.
* * * LOW HITPOINT WARNING * * *
You hit the iguana.
The iguana is almost dead.
The iguana bites you.
* * * LOW HITPOINT WARNING * * *
A red film seems to cover your vision as you go berserk!
You feel yourself moving faster!
You feel mighty! The iguana bites you!
You die...

.... .... . #..
##
..##..######.##
..............#
..............#
#...<[....#
#....))...#
#...###@l.#
#... #.#.# #...
.._....
#.....#.#.....
#...###...###.#
#### #...# .o
..... . ....Z


You could see an iguana.

Vanquished Creatures
  Grinder (D:3)
  Sigmund (D:3)
  An orc warrior (D:4)
  An ogre (D:4)
  A bullfrog skeleton (D:4)
  An orc priest (D:4)
  Terence (D:3)
  Robin (D:2)
  An adder (D:3)
  3 orcs
  6 endoplasms
  2 giant cockroaches
  21 goblins
  6 hobgoblins
  7 jackals (D:3)
  6 kobolds
  5 quokkas
  8 ball pythons
  A bat (D:2)
  4 frilled lizards
  2 rats (D:1)
80 creatures vanquished.

Notes
Turn   | Place    | Note
-------+----------+-------------------------------------------
     0 | D:1      | drclinical the Hill Orc Berserker began the quest for the
                  | Orb.
     0 | D:1      | Reached XP level 1. HP: 19/19 MP: 1/1
   212 | D:1      | Reached XP level 2. HP: 16/27 MP: 2/2
  1069 | D:2      | Reached XP level 3. HP: 28/33 MP: 3/3
  1069 | D:2      | Noticed Robin
  1288 | D:1      | Reached ** piety under Trog
  1365 | D:1      | HP: 1/33 [goblin[Robin] (1)]
  1661 | D:2      | Killed Robin
  1662 | D:2      | Reached skill level 5 in Axes
  2060 | D:2      | Reached XP level 4. HP: 35/41 MP: 4/4
  2727 | D:3      | Identified the +3 leather armour "Qogg" {Str+2 Dex+2 SInv}
  2784 | D:3      | Noticed Sigmund
  2805 | D:3      | Killed Sigmund
  2806 | D:3      | Reached skill level 5 in Fighting
  2806 | D:3      | Reached skill level 6 in Axes
  2806 | D:3      | Reached XP level 5. HP: 48/48 MP: 5/5
  2806 | D:3      | Reached XP level 6. HP: 56/56 MP: 6/6
  3107 | D:3      | Noticed Grinder
  3109 | D:3      | Paralysed by Grinder for 6 turns
  3136 | D:3      | Paralysed by Grinder for 4 turns
  3157 | D:3      | Killed Grinder
  3158 | D:3      | Reached skill level 7 in Axes
  3158 | D:3      | Reached XP level 7. HP: 23/61 MP: 7/7
  3405 | D:3      | Found an iron altar of Okawaru.
  3589 | D:3      | Noticed Terence
  3595 | D:3      | Killed Terence
  3649 | D:3      | Found a faded altar of an unknown god.
  3789 | D:4      | Found an ancient bone altar of Kikubaaqudgha.
  3800 | D:4      | HP: 2/93 [ogre (11)]
  3803 | D:4      | Reached skill level 8 in Axes
  4153 | D:4      | Slain by an iguana

Illustrated notes

Levels and vault maps discovered:
D:1:      dpeg_arrival_signposts, layout_rooms
D:2:      minmay_alternating_diamond, layout_rooms, minmay_door_square,
          hex_large, minmay_misc_feat_columns, uniq_robin
D:3:      layout_basic, okawaru_trees_1, hellmonk_ecumenical_altar_dog_temple,
          minmay_misc_feat_chi, uniq_grinder, uniq_terence, uniq_sigmund
D:4:      layout_gridville, lemuel_crystal_altar

Skill      XL: |  1  2  3  4  5  6  7 |
---------------+----------------------+-----
Fighting       | 4 5 6 |  6.1
Dodging        | 2 |  2.0
Axes           | 5 6 7 8 |  8.7
Armour         | 3 4 |  4.4

Action                   |  1- 3 |  4- 6 |  7- 9 || total
-------------------------+-------+-------+-------++-------
Melee: Hand axe          |   126 |    80 |    68 ||   274
       Punch             |     3 |       |     3 ||     6
Invok: Berserk           |     2 |     2 |     4 ||     8
Armor: Animal skin       |    19 |       |       ||    19
       Chain mail        |     3 |    36 |       ||    39
       Leather armour    |       |     9 |    12 ||    21
Dodge: Dodged            |    78 |    44 |    35 ||   157
